APL (24 & UNDER)
SAVANNAH HOGS @ KENOSHA KINGFISH
09/12/2028
 
TOP OF THE 1ST
Savannah Hogs batting - Pitching for Kenosha Kingfish : RHP Miguel Durán
Pitching: RHP Miguel Durán
Batting: RHB Guillermo González 0-0: Ball
1-0: Foul Ball, location: 2F
1-1: Called Strike
1-2: Ball
2-2: Ball
3-2: Strikes out looking
Batting: RHB Joel García 0-0: Foul Ball, location: 2F
0-1: Ball
1-1: Ball
2-1: Ball
3-1: DOUBLE (Flyball, 89M)
Batting: RHB Henry Haines 0-0: Swinging Strike
0-1: Swinging Strike
0-2: Ball
1-2: Strikes out looking
Batting: RHB Júlio Contreras Balk!
Joel García to third
0-0: Ball
1-0: Called Strike
1-1: Foul Ball, location: 2F
1-2: Ball
2-2: Foul Ball, location: 2F
2-2: Foul Ball, location: 2F
2-2: SINGLE (Line Drive, 89S)
Joel García scores
Batting: LHB Marv Gardner 0-0: Swinging Strike
0-1: Ball
1-1: Ball
2-1: DOUBLE (Line Drive, 89M)
Júlio Contreras to third
Runner from 3rd tries for Home, SAFE, no throw
Batting: RHB Jorge Chávez 0-0: Ball
1-0: Ball
2-0: Called Strike
2-1: Ball
3-1: Foul Ball, location: 2F
3-2: Base on Balls
Batting: RHB Ramón Gómez 0-0: Ball
1-0: Foul Ball, location: 2F
1-1: Ball
2-1: Swinging Strike
2-2: Strikes out swinging
Top of the 1st over - 2 run(s), 3 hit(s), 0 error(s), 2 left on base; Savannah 2 - Kenosha 0
BOTTOM OF THE 1ST
Kenosha Kingfish batting - Pitching for Savannah Hogs : RHP Juan Baca
Pitching: RHP Juan Baca
Batting: LHB Marvin Nichols 0-0: SINGLE (Groundball, 56D)
Batting: RHB Ron Campbell 0-0: Ball
1-0: Swinging Strike
1-1: Swinging Strike
1-2: Strikes out looking
Marvin Nichols is caught stealing 2nd base
Batter strikes out.
Batting: RHB Alejandro Ramírez 0-0: Ball
1-0: Fly out, F6 (Popup, 6D)
Bottom of the 1st over - 0 run(s), 1 hit(s), 0 error(s), 0 left on base; Savannah 2 - Kenosha 0
TOP OF THE 2ND
Savannah Hogs batting - Pitching for Kenosha Kingfish : RHP Miguel Durán
Batting: RHB Orlando Márquez 0-0: Ball
1-0: Foul Ball, location: 2F
1-1: Called Strike
1-2: Strikes out swinging
Batting: LHB Felipe Franco 0-0: Ball
1-0: Foul Ball, location: 2F
1-1: Ball
2-1: Called Strike
2-2: Strikes out swinging, 2-3 out at first.
Batting: RHB Guillermo González 0-0: Fly out, F7 (Flyball, 7)
Top of the 2nd over - 0 run(s), 0 hit(s), 0 error(s), 0 left on base; Savannah 2 - Kenosha 0
BOTTOM OF THE 2ND
Kenosha Kingfish batting - Pitching for Savannah Hogs : RHP Juan Baca
Batting: RHB Andrés Bustamante 0-0: Ball
1-0: Foul Ball, location: 2F
1-1: Ball
2-1: Ball
3-1: Called Strike
3-2: SINGLE (Line Drive, 56D)
Batting: LHB Juan Rodríguez 0-0: Ball
1-0: Called Strike
1-1: Ball
2-1: Called Strike
2-2: Foul Ball, location: 2F
2-2: Foul Ball, location: 2F
2-2: Foul Ball, location: 2F
2-2: Ball
3-2: Base on Balls
Andrés Bustamante to second
Batting: RHB Ben Kearley 0-0: Foul Ball, location: 2F
0-1: Foul Ball, location: 2F
0-2: Strikes out swinging
Batting: RHB Millard Ferguson 0-0: Fly out, F7 (Flyball, 7)
Batting: RHB Juan Escalante 0-0: Called Strike
0-1: Foul Ball, location: 2F
0-2: Ball
1-2: Foul Ball, location: 2F
1-2: Ball
2-2: Strikes out swinging
Bottom of the 2nd over - 0 run(s), 1 hit(s), 0 error(s), 2 left on base; Savannah 2 - Kenosha 0
TOP OF THE 3RD
Savannah Hogs batting - Pitching for Kenosha Kingfish : RHP Miguel Durán
Batting: RHB Joel García 0-0: Called Strike
0-1: Foul Ball, location: 2F
0-2: Ball
1-2: Strikes out swinging
Batting: RHB Henry Haines 0-0: Called Strike
0-1: Foul Ball, location: 2F
0-2: Foul Ball, location: 2F
0-2: Strikes out swinging
Batting: RHB Júlio Contreras 0-0: Called Strike
0-1: Ball
1-1: Fly out, F6 (Popup, 56D)
Top of the 3rd over - 0 run(s), 0 hit(s), 0 error(s), 0 left on base; Savannah 2 - Kenosha 0
BOTTOM OF THE 3RD
Kenosha Kingfish batting - Pitching for Savannah Hogs : RHP Juan Baca
Batting: RHB David Barker 0-0: Called Strike
0-1: DOUBLE (Line Drive, 89M)
Batting: LHB Marvin Nichols 0-0: Ball
1-0: Called Strike
1-1: Ball
2-1: Foul Ball, location: 2F
2-2: Ball
3-2: Strikes out swinging
Batting: RHB Ron Campbell 0-0: Foul Ball, location: 2F
0-1: Fly out, F8 (Flyball, 8LS)
Batting: RHB Alejandro Ramírez 0-0: Swinging Strike
0-1: Swinging Strike
0-2: Ball
1-2: Ground out 6-3 (Groundball, 6)
Bottom of the 3rd over - 0 run(s), 1 hit(s), 0 error(s), 1 left on base; Savannah 2 - Kenosha 0
TOP OF THE 4TH
Savannah Hogs batting - Pitching for Kenosha Kingfish : RHP Miguel Durán
Batting: LHB Marv Gardner 0-0: Called Strike
0-1: Ball
1-1: Swinging Strike
1-2: Fly out, F9 (Flyball, 9LS)
Batting: RHB Jorge Chávez 0-0: Foul Ball, location: 2F
0-1: Foul Ball, location: 2F
0-2: SOLO HOME RUN (Flyball, 78XD), Distance : 439 ft
Batting: RHB Ramón Gómez 0-0: Ball
1-0: Ball
2-0: Ball
3-0: Base on Balls
Batting: RHB Orlando Márquez 0-0: Foul Ball, location: 2F
0-1: Ball
1-1: Ball
2-1: Ball
3-1: Foul Ball, location: 2F
3-2: Ground out 4-3 (Groundball, 34)
Ramón Gómez to second
Batting: LHB Felipe Franco 0-0: Called Strike
0-1: Ball
1-1: Fly out, F8 (Flyball, 8RM)
Top of the 4th over - 1 run(s), 1 hit(s), 0 error(s), 1 left on base; Savannah 3 - Kenosha 0
BOTTOM OF THE 4TH
Kenosha Kingfish batting - Pitching for Savannah Hogs : RHP Juan Baca
Batting: RHB Andrés Bustamante 0-0: Foul Ball, location: 2F
0-1: Swinging Strike
0-2: Ball
1-2: Fly out, F7 (Flyball, 7D)
Batting: LHB Juan Rodríguez 0-0: Called Strike
0-1: Ball
1-1: Foul Ball, location: 2F
1-2: Ball
2-2: Foul Ball, location: 2F
2-2: Strikes out swinging
Batting: RHB Ben Kearley 0-0: Ball
1-0: Foul Ball, location: 2F
1-1: Ball
2-1: Called Strike
2-2: Strikes out looking
Bottom of the 4th over - 0 run(s), 0 hit(s), 0 error(s), 0 left on base; Savannah 3 - Kenosha 0
TOP OF THE 5TH
Savannah Hogs batting - Pitching for Kenosha Kingfish : RHP Miguel Durán
Batting: RHB Guillermo González 0-0: Hit by Pitch
Batting: RHB Joel García 0-0: Ball
1-0: Fielders Choice at 2nd, 5-4 (Groundball, 56)
Batting: RHB Henry Haines 0-0: Called Strike
0-1: Fly out, F8 (Flyball, 8LS)
Batting: RHB Júlio Contreras 0-0: Ball
1-0: SINGLE (Line Drive, 3D)
Joel García to second
Runner from 2nd tries for 3rd, SAFE, throw made to third
Pitching: LHP Javier Robles
Batting: LHB Marv Gardner 0-0: Called Strike
0-1: Ball
1-1: Swinging Strike
Balk!
Joel García scores
Júlio Contreras to second
1-2: Ball
2-2: Strikes out swinging
Top of the 5th over - 1 run(s), 1 hit(s), 0 error(s), 1 left on base; Savannah 4 - Kenosha 0
BOTTOM OF THE 5TH
Kenosha Kingfish batting - Pitching for Savannah Hogs : RHP Juan Baca
Batting: RHB Millard Ferguson 0-0: Foul Ball, location: 2F
0-1: Ball
1-1: Called Strike
1-2: Ball
2-2: Strikes out looking
Batting: RHB Juan Escalante 0-0: Called Strike
0-1: Fly out, F9 (Flyball, 9D)
Batting: RHB David Barker 0-0: Foul Ball, location: 2F
0-1: Swinging Strike
0-2: Foul Ball, location: 2F
0-2: Ball
1-2: Strikes out swinging
Bottom of the 5th over - 0 run(s), 0 hit(s), 0 error(s), 0 left on base; Savannah 4 - Kenosha 0
TOP OF THE 6TH
Savannah Hogs batting - Pitching for Kenosha Kingfish : LHP Javier Robles
Batting: RHB Jorge Chávez 0-0: DOUBLE (Line Drive, 7D)
Batting: RHB Ramón Gómez 0-0: Called Strike
0-1: Swinging Strike
0-2: Ball
1-2: SINGLE (Groundball, 6S) (infield hit)
Jorge Chávez to third
Batting: RHB Orlando Márquez 0-0: Called Strike
0-1: Called Strike
0-2: Ball
1-2: Strikes out looking
Batting: LHB Felipe Franco 0-0: Called Strike
Ramón Gómez is caught stealing 2nd base
0-1: Ball
1-1: Ball
2-1: Swinging Strike
2-2: Ball
3-2: Foul Ball, location: 2F
3-2: Foul Ball, location: 2F
3-2: Ground out U3 (Groundball, 34)
Top of the 6th over - 0 run(s), 2 hit(s), 0 error(s), 1 left on base; Savannah 4 - Kenosha 0
BOTTOM OF THE 6TH
Kenosha Kingfish batting - Pitching for Savannah Hogs : RHP Juan Baca
Batting: LHB Marvin Nichols 0-0: SOLO HOME RUN (Flyball, 8RXD), Distance : 446 ft
Batting: RHB Ron Campbell 0-0: Ground out 1-3 (Groundball, 13)
Batting: RHB Alejandro Ramírez 0-0: Ball
1-0: Foul Ball, location: 2F
1-1: Foul Ball, location: 2F
1-2: SINGLE (Groundball, 4MD)
Batting: RHB Andrés Bustamante 0-0: Ball
1-0: Ball
2-0: Foul Ball, location: 2F
2-1: Ball
3-1: Called Strike
3-2: Foul Ball, location: 2F
3-2: Base on Balls
Alejandro Ramírez to second
Pitching: RHP Salvador Cervantes
Batting: LHB Juan Rodríguez 0-0: Called Strike
0-1: Called Strike
Alejandro Ramírez steals 3rd base
Andrés Bustamante to second
0-2: SINGLE (Groundball, 4D)
Alejandro Ramírez scores
Andrés Bustamante to third
Runner from 3rd tries for Home, SAFE, throw made home
Batting: RHB Ben Kearley 0-0: Ball
1-0: Called Strike
1-1: Foul Ball, location: 2F
1-2: Foul Ball, location: 2F
1-2: Ball
2-2: Ground out 5-3 (Groundball, 56S)
Juan Rodríguez to second
Batting: RHB Millard Ferguson 0-0: Ball
1-0: Called Strike
1-1: Ball
2-1: Fly out, F8 (Line Drive, 78M)
Bottom of the 6th over - 3 run(s), 3 hit(s), 0 error(s), 1 left on base; Savannah 4 - Kenosha 3
TOP OF THE 7TH
Savannah Hogs batting - Pitching for Kenosha Kingfish : LHP Javier Robles
Batting: RHB Guillermo González 0-0: Foul Ball, location: 2F
0-1: Swinging Strike
0-2: Ground out 6-3 (Groundball, 6)
Batting: RHB Joel García 0-0: DOUBLE (Flyball, 78XD)
Batting: RHB Henry Haines 0-0: Ball
1-0: Called Strike
1-1: Called Strike
1-2: Foul Ball, location: 2F
1-2: Ball
2-2: Ball
3-2: Strikes out swinging
Pinch Hitting: RHB Miguel Cervantes 0-0: Ball
1-0: Ball
2-0: Called Strike
2-1: Ball
3-1: Base on Balls
Pinch Hitting: RHB Gary Stephenson 0-0: 3-RUN HOME RUN (Flyball, 9D), Distance : 380 ft
Pitching: RHP Thom Kennison
Batting: RHB Jorge Chávez 0-0: Ball
1-0: Foul Ball, location: 2F
1-1: Fly out, F9 (Flyball, 9LS)
Top of the 7th over - 3 run(s), 2 hit(s), 0 error(s), 0 left on base; Savannah 7 - Kenosha 3
BOTTOM OF THE 7TH
Kenosha Kingfish batting - Pitching for Savannah Hogs : RHP Salvador Cervantes
Now at 3B: Gary Stephenson
Now at SS: Ron Sims
Batting: RHB Juan Escalante 0-0: Ball
1-0: SOLO HOME RUN (Flyball, 7D), Distance : 383 ft
Batting: RHB David Barker 0-0: Called Strike
0-1: TRIPLE (Flyball, 89D)
Batting: LHB Marvin Nichols 0-0: Ball
1-0: Swinging Strike
1-1: Ball
2-1: Called Strike
2-2: Ball
3-2: Base on Balls
Batting: RHB Ron Campbell 0-0: Ball
1-0: Called Strike
1-1: Foul Ball, location: 2F
1-2: Strikes out swinging
Batting: RHB Alejandro Ramírez 0-0: Fly out, F4 (Line Drive, 4)
Batting: RHB Andrés Bustamante 0-0: Ball
1-0: Swinging Strike
1-1: Ball
2-1: Foul Ball, location: 2F
2-2: Ball
3-2: Base on Balls
Marvin Nichols to second
Pitching: LHP Manuel Guel
Pinch Hitting: LHB Henry Durham 0-0: Called Strike
0-1: Ball
1-1: Swinging Strike
1-2: Ball
2-2: Foul Ball, location: 2F
2-2: Ball
Wild Pitch!
David Barker scores
Marvin Nichols to third
Andrés Bustamante to second
3-2: Fly out, F8 (Flyball, 8LM)
Bottom of the 7th over - 2 run(s), 2 hit(s), 0 error(s), 2 left on base; Savannah 7 - Kenosha 5
TOP OF THE 8TH
Savannah Hogs batting - Pitching for Kenosha Kingfish : RHP Thom Kennison
Now in LF: Henry Durham
Batting: RHB Ramón Gómez 0-0: Ball
1-0: SINGLE (Line Drive, 7LM)
Batting: RHB Orlando Márquez 0-0: Ball
1-0: Hit by Pitch
Ramón Gómez to second
Pitching: LHP Ray McKnight
Batting: LHB Felipe Franco 0-0: Ball
1-0: Swinging Strike
1-1: Ball
Ramón Gómez steals 3rd base
Orlando Márquez to second
2-1: Ball
3-1: Foul Ball, location: 2F
3-2: Strikes out swinging
Batting: RHB Guillermo González 0-0: Intentional Walk
Pitching: LHP José Carlos
Pinch Hitting: RHB Pedro Sandoval 0-0: Ball
1-0: Foul Ball, location: 2F
1-1: Grounds into fielders choice 4-2 (Groundball, 4)
Orlando Márquez to third
Guillermo González to second
Batting: RHB Henry Haines 0-0: Fly out, F8 (Flyball, 8LM)
Top of the 8th over - 0 run(s), 1 hit(s), 0 error(s), 3 left on base; Savannah 7 - Kenosha 5
BOTTOM OF THE 8TH
Kenosha Kingfish batting - Pitching for Savannah Hogs : LHP Manuel Guel
Now at 1B: Juan Morales
Batting: RHB Ben Kearley 0-0: Fly out, F9 (Flyball, 9LM)
Batting: RHB Millard Ferguson 0-0: Ball
1-0: Reached on error, E5 (Groundball, 5S)
Pitching: LHP Alan Baca
Batting: RHB Juan Escalante 0-0: Fielders Choice at 2nd, 3-6 (Groundball, 34)
Pitching: RHP William Gallegos
Batting: RHB David Barker 0-0: Ball
1-0: Called Strike
1-1: DOUBLE (Line Drive, 8LD)
Juan Escalante to third
Runner from 3rd tries for Home, SAFE, no throw
Pitching: LHP Ricardo Rosário
Pinch Hitting: RHB Rubén Hernández 0-0: Called Strike
0-1: Ball
1-1: Ball
2-1: Foul Ball, location: 2F
2-2: Foul Ball, location: 2F
2-2: Foul Ball, location: 2F
2-2: Strikes out swinging
Bottom of the 8th over - 1 run(s), 1 hit(s), 1 error(s), 1 left on base; Savannah 7 - Kenosha 6
TOP OF THE 9TH
Savannah Hogs batting - Pitching for Kenosha Kingfish : LHP José Carlos
Now in CF: Miguel Gómez
Batting: SHB Ron Sims 0-0: Foul Ball, location: 2F
0-1: Swinging Strike
0-2: Strikes out swinging
Batting: RHB Gary Stephenson 0-0: Foul Ball, location: 2F
0-1: Called Strike
0-2: Foul Ball, location: 2F
0-2: Foul Ball, location: 2F
0-2: Foul Ball, location: 2F
0-2: Strikes out swinging
Batting: RHB Jorge Chávez 0-0: Called Strike
0-1: Ball
1-1: Ball
2-1: Foul Ball, location: 2F
2-2: Ball
3-2: Base on Balls
Pinch Hitting: RHB Wilson Ortíz 0-0: Called Strike
0-1: Hit by Pitch
Jorge Chávez to second
Batting: RHB Orlando Márquez 0-0: Ball
1-0: Ball
2-0: Ball
3-0: Foul Ball, location: 2F
3-1: Called Strike
3-2: SINGLE (Groundball, 13S) (infield hit)
Jorge Chávez to third
Wilson Ortíz to second
Batting: LHB Felipe Franco 0-0: Ball
1-0: Ball
2-0: DOUBLE (Line Drive, 7LM)
Jorge Chávez scores
Wilson Ortíz scores
Orlando Márquez to third
Pitching: RHP Pablo Suárez
Batting: RHB Guillermo González 0-0: Ball
1-0: Ball
2-0: Swinging Strike
2-1: Foul Ball, location: 2F
2-2: Strikes out looking
Top of the 9th over - 2 run(s), 2 hit(s), 0 error(s), 2 left on base; Savannah 9 - Kenosha 6
BOTTOM OF THE 9TH
Kenosha Kingfish batting - Pitching for Savannah Hogs : LHP Ricardo Rosário
Pitching: LHP Brian Hodges
Now at 2B: Juan Chávez
Now at 3B: Luis González
Batting: RHB Ron Campbell 0-0: Ground out 5-3 (Groundball, 5S)
Batting: RHB Alejandro Ramírez 0-0: Called Strike
0-1: Ball
1-1: Swinging Strike
1-2: Ball
2-2: Strikes out swinging
Batting: RHB Andrés Bustamante 0-0: Ball
1-0: Called Strike
1-1: Ball
2-1: Swinging Strike
2-2: Strikes out swinging
Bottom of the 9th over - 0 run(s), 0 hit(s), 0 error(s), 0 left on base; Savannah 9 - Kenosha 6
Tuesday, August 8th, 2017 - OOTP Baseball 17.12 Build 75